 Dungeon Crawl Stone Soup version 0.24-a0-434-gd57e52fea8 (webtiles) character file.

Game seed: 12295950139040520155

53 mahrnol the Sneak (level 4, -1/29 HPs)
             Began as a Halfling Assassin on June 16, 2019.
             Slain by a bullfrog (8 damage)
             ... on level 3 of the Dungeon.
             The game lasted 00:08:05 (1982 turns).

mahrnol the Sneak (Halfling Assassin)               Turns: 1982, Time: 00:08:06

Health: -1/29      AC:  3    Str: 12    XL:     4   Next: 11%
Magic:  4/4        EV: 14    Int:  9    God:
Gold:   131        SH:  0    Dex: 16    Spells: 3/3 levels left

rFire    x . .     SeeInvis .   a - +2 dagger
rCold    + . .     Gourm    .   (shield restricted)
rNeg     . . .     Faith    .   b - +0 robe
rPois    .         Spirit   .   (no helmet)
rElec    .         Reflect  .   c - +0 cloak
rCorr    .         Harm     .   (no gloves)
MR       .....                  (no boots)
Stlth    +++.......             l - amulet of inaccuracy (curse)
HPRegen  0.09/turn              h - ring of ice
MPRegen  0.09/turn              (no ring)

@: no status effects
A: small, mutation resistance 1
a: no special abilities


You were on level 3 of the Dungeon.
You were not hungry.

You visited 1 branch of the dungeon, and saw 3 of its levels.

You collected 131 gold pieces.

Inventory:

Hand Weapons
 a - a +2 dagger (weapon)
 q - a +0 hunting sling
Missiles
 d - 8 poisoned darts (quivered)
 e - 2 curare-tipped darts
 o - 49 bolts
 x - 20 sling bullets
Armour
 b - a +0 robe (worn)
 c - a +0 cloak (worn)
Jewellery
 h - a ring of ice (left hand)
 l - a cursed amulet of inaccuracy (around neck)
 v - an uncursed ring of magical power {unknown}
Scrolls
 g - a scroll of identify {unknown}
 i - 2 scrolls of blinking {unknown}
 j - a scroll of magic mapping {unknown}
 k - a scroll of fog {unknown}
 n - a scroll of fear {unknown}
 p - a scroll of immolation {unknown}
 s - a scroll of enchant weapon {unknown}
 w - a scroll of remove curse {unknown}
Potions
 m - a potion of heal wounds {unknown}
 r - a potion of brilliance {unknown}
 t - 2 potions of curing {unknown}
Comestibles
 f - 4 rations
 u - 6 chunks of flesh


   Skills:
 + Level 2.0 Fighting
 + Level 3.0 Short Blades
 + Level 2.1 Throwing
 + Level 1.2 Dodging
 + Level 5.6 Stealth


You had 3 spell levels left.
You didn't know any spells.
Your spell library was empty.

Dungeon Overview and Level Annotations

Branches:
Dungeon (3/15)

Altars:
Elyvilon
Fedhas
Ru
Wu Jian


Innate Abilities, Weirdness & Mutations

You are small and have problems with some larger weapons.
You are somewhat resistant to further mutation.


Message History

You kill the leopard gecko!
Your Short Blades skill increases to level 3!
You barely miss the bullfrog. The bullfrog hits you.
You closely miss the bullfrog. The bullfrog hits you. x2
You are too injured to fight recklessly!
You are too injured to fight recklessly!
You barely miss the bullfrog. The bullfrog barely misses you.
You closely miss the bullfrog. The bullfrog hits you.
You miss the bullfrog. The bullfrog barely misses you.
You hit the bullfrog.
The bullfrog is lightly wounded.
The bullfrog hits you. x2
* * * LOW HITPOINT WARNING * * *
You hit the bullfrog.
The bullfrog is moderately wounded.
The bullfrog completely misses you.
You miss the bullfrog.
The bullfrog is moderately wounded.
The bullfrog hits you!
You die...

##.#..###.##.###.#
#.#..# #.##.....#####
#.#..###.##..........
#.#.........#.######
##.##.###.##.#.###
....).# #.##.#.(.#
#..#### #.##.###.#
#.## #....# #.# #.#
###### #@# #.# #F#
#.# ... #.#########
..... #.........#
....... #.###.###.#
#.......# #.# #.#
#.###.......#
#.###+###..###.....##
#.###_+....#


You could see a bullfrog.

Vanquished Creatures
  An adder (D:2)
  A worm (D:2)
  A dart slug (D:1)
  A leopard gecko (D:3)
  An orc (D:3)
  A ball python (D:2)
  A giant cockroach (D:1)
  8 goblins
  4 hobgoblins
  A quokka (D:3)
  3 bats
  3 frilled lizards (D:1)
  7 kobolds
  4 rats
37 creatures vanquished.

Notes
Turn   | Place    | Note
-------+----------+-------------------------------------------
     0 | D:1      | mahrnol the Halfling Assassin began the quest for the Orb.
     0 | D:1      | Reached XP level 1. HP: 14/14 MP: 1/1
   135 | D:1      | Reached XP level 2. HP: 19/19 MP: 2/2
   492 | D:1      | Reached skill level 5 in Stealth
   564 | D:1      | Reached XP level 3. HP: 23/24 MP: 3/3
  1076 | D:2      | Found a sacrificial altar of Ru.
  1579 | D:2      | Found a blossoming altar of Fedhas.
  1579 | D:2      | Found a white marble altar of Elyvilon.
  1640 | D:2      | Found a faded altar of an unknown god.
  1793 | D:3      | Reached XP level 4. HP: 29/29 MP: 4/4
  1897 | D:3      | Found a blossoming altar of Fedhas.
  1909 | D:3      | Found an ornate altar of the Wu Jian Council.
  1968 | D:3      | Noticed a bullfrog
  1982 | D:3      | Slain by a bullfrog

Levels and vault maps discovered:
D:1:      wander_arrival_desolate, layout_loops_ring
D:2:      layout_basic, gammafunk_temple_overflow_elements,
          nicolae_ru_sacrificial_ziggurat, chequers_ecumenical_altar_grove
D:3:      layout_loops_ring, lemuel_doored_altar, first_ration, fedhas_altar_2

Skill      XL: |  1  2  3  4 |
---------------+-------------+-----
Stealth        | 5 |  5.6
Fighting       | 2 |  2.0
Short Blades   | 3 |  3.0
Throwing       | |  2.1
Dodging        | |  1.2

Action                   |  1- 3 |  4- 6 || total
-------------------------+-------+-------++-------
Melee: Dagger            |   112 |    26 ||   138
 Stab: Sleeping          |    11 |       ||    11
  Eat: Chunk             |     3 |       ||     3
Armor: Robe              |     6 |     3 ||     9
Dodge: Dodged            |    66 |    11 ||    77

Table legend:
 A = Non-vault XP
 B = Vault XP
 C = Vault XP percentage of total XP
 D = Non-vault monster count
 E = Vault monster count
 F = Vault count percentage of total count
                 A         B        C        D         E       F
            +---------+---------+-------+---------+---------+-------
      Total |      77 |       0 |   0.0 |      37 |       0 |   0.0
            +---------+---------+-------+---------+---------+-------
        D:1 |      30 |       0 |   0.0 |      18 |       0 |   0.0
        D:2 |      32 |       0 |   0.0 |      12 |       0 |   0.0
        D:3 |      15 |       0 |   0.0 |       7 |       0 |   0.0
            +---------+---------+-------+---------+---------+-------
